 Dungeon Crawl Stone Soup version 0.32-a0-136-gc02482bde3 (webtiles) character file.

Game seed: 16948997270989203557

14193 CougarLife the Summoner (level 12, -1/81 HPs)
             Began as a Gnoll Summoner on Feb 10, 2024.
             Was an Elder of Hepliaklqana.
             Slain by a tyrant leech (24 damage)
             ... in a Gauntlet.
             The game lasted 00:31:14 (12401 turns).

CougarLife the Summoner (Gnoll Summoner)           Turns: 12401, Time: 00:31:15

Health: -1/81      AC: 12    Str: 10    XL:     12   Next: 13%
Magic:  24/24      EV: 14    Int: 18    God:    Hepliaklqana [****..]
Gold:   408        SH:  5    Dex: 12    Spells: 14/28 levels left

rFire   + . .        h - +2 spear (venom)
rCold   + . .        (no shield)
rNeg    . . .        J - +0 acid dragon scales
rPois   .            j - +2 helmet
rElec   .            y - scarf {repulsion}
rCorr   +            (no gloves)
SInv    .            v - +0 pair of boots
Will    .....        I - amulet of reflection
Stlth   +++          o - ring of protection from fire
HPRegen 0.33/turn    C - ring of protection from cold
MPRegen 0.19/turn

%: no teleportation, repel missiles, reflection
@: unable to call your familiar, very slightly contaminated, hasted, very quick
A: reduced essence, fangs 1, strong nose, distributed training
a: Renounce Religion, Recall Ancestor, Ancestor Identity, Transference, Idealise


You were in a Gauntlet.
You worshipped Hepliaklqana.
Hepliaklqana was greatly pleased with you.
You visited 3 branches of the dungeon, and saw 13 of its levels.
You also visited: Gauntlet.

You collected 628 gold pieces.
You spent 220 gold pieces at shops.

Inventory:

Hand Weapons
 h - a +2 spear of venom (weapon)
Missiles
 G - 2 throwing nets
Armour
 j - a +2 helmet (worn)
 v - a +0 pair of boots (worn)
 y - a scarf of repulsion (worn)
 J - +0 acid dragon scales (worn)
Jewellery
 o - a ring of protection from fire (left hand)
 t - an amulet of the acrobat
 z - a ring of willpower
 C - a ring of protection from cold (right hand)
 I - an amulet of reflection (around neck)
Wands
 p - a wand of paralysis (13)
 w - a wand of flame (61)
 D - a wand of digging (7)
Scrolls
 a - a scroll of fog
 c - a scroll of summoning
 d - 2 scrolls of amnesia
 f - 2 scrolls of brand weapon
 i - 4 scrolls of noise
 k - 4 scrolls of fear
 n - 5 scrolls of teleportation
 x - a scroll of blinking
 B - 2 scrolls of vulnerability {unknown}
 E - a scroll of identify
Potions
 b - a potion of magic
 e - 2 potions of brilliance {unknown}
 l - a potion of mutation
 m - 3 potions of curing
 q - 3 potions of cancellation {unknown}
 r - 3 potions of enlightenment {unknown}
 s - 2 potions of haste
 u - 4 potions of lignification
 A - a potion of might {unknown}
 F - 3 potions of attraction {unknown}
 H - 3 potions of heal wounds {unknown}
Miscellaneous
 g - a lightning rod (4/4)


   Skills:
 + Level 7.2 Fighting
 + Level 7.2 Short Blades
 + Level 7.2 Long Blades
 + Level 7.2 Axes
 + Level 7.2 Maces & Flails
 + Level 7.2 Polearms
 + Level 7.2 Staves
 + Level 7.2 Ranged Weapons
 + Level 7.2 Throwing
 + Level 7.2 Armour
 + Level 8.7 Dodging
 + Level 8.4 Stealth
 + Level 7.2 Shields
 + Level 7.2 Unarmed Combat
 + Level 8.9 Spellcasting
 + Level 6.0 Conjurations
 + Level 6.0 Hexes
 + Level 9.4 Summonings
 + Level 6.0 Necromancy
 + Level 6.0 Translocations
 + Level 6.0 Fire Magic
 + Level 6.0 Ice Magic
 + Level 6.0 Air Magic
 + Level 6.0 Earth Magic
 + Level 6.0 Alchemy
 + Level 8.0 Invocations
 + Level 7.2 Evocations
 + Level 6.6 Shapeshifting


You had 14 spell levels left.
You knew the following spells:

 Your Spells              Type           Power      Damage    Failure   Level
a - Summon Small Mammal   Summ           100%       N/A       1%          1
b - Call Imp              Summ           84%        N/A       1%          2
c - Call Canine Familiar  Summ           42%        N/A       1%          3
d - Summon Blazeheart Go  Fire/Summ      35%        N/A       5%          4
e - Summon Lightning Spi  Summ/Air       35%        N/A       5%          4

Your spell library contained the following spells:

 Spells                   Type           Power      Damage    Failure   Level
 Necrotise                Necr           100%       1d9       1%          1
 Shock                    Conj/Air       100%       1d9       1%          1
 Dazzling Flash           Conj/Hex       58%        N/A       3%          3
 Swiftness                Air            29%        N/A       3%          3
 Vampiric Draining        Necr           29%        2d8       3%          3
 Volatile Blastmotes      Fire/Tloc      58%        2d14      3%          3
 Martyr's Knell           Necr/Summ      35%        N/A       5%          4
 Airstrike                Air            14%        2d(3-19)  11%         4
 Curse of Agony           Necr           29%        N/A       30%         5
 Starburst                Conj/Fire      14%        6d6       86%         6
 Maxwell's Capacitive Co  Air            14%        ∞         100%        8


Dungeon Overview and Level Annotations

Branches:
Dungeon (11/15)            Temple (1/1) D:4            Lair (1/5) D:9
    Orc (0/2) D:9         Gauntlet (1/1)

Altars:
Ashenzari
Cheibriados
Dithmenos
Elyvilon
Fedhas
Gozag
Hepliaklqana
Kikubaaqudgha
Makhleb
Nemelex Xobeh
Okawaru
Qazlal
Ru
Sif Muna
Trog
Uskayaw
Vehumet
Wu Jian
Xom
Yredelemnul
Zin
The Shining One

Shops:
D:3 (   D:6 ?   D:10 [

Portals:
Volcano: Lair:1

Annotations:
D:6 3 exclusions
D:8 3 runed translucent doors Gauntlet 9 transporters, 16 runed translucent doors


Innate Abilities, Weirdness & Mutations

Your life essence is reduced to manifest your ancestor. (-10% HP)
You have very sharp teeth.
Your uncanny sense of smell can sniff out nearby items.
Your experience applies equally to all skills.


Message History

Your blazeheart golem punches the swamp worm!
Your blazeheart golem's core grows cold and it stops moving.
The swamp worm bites your blazeheart golem!
The swamp worm bites you!
Reach: h) +2 spear (venom)
Press: ? - help, Dir - move target, f/p - swamp worm
Aim: a swamp worm (heavily wounded, extremely poisoned, ally target, about 38% to evade your +2 spear of venom)
You hit the swamp worm.
The swamp worm is heavily wounded.
The swamp worm closely misses you.
The swamp worm fires a harpoon shot at you.
The harpoon shot hits your blazeheart golem!
Your blazeheart golem falls apart and the last of its fire goes out.
You block the swamp worm's attack.
Casting: Summon Blazeheart Golem (dangerous; 5% risk of failure)
Confirm with . or Enter, or press ? or * to list all spells.
You miscast Summon Blazeheart Golem.
You are very lightly contaminated with residual magic.
Desperate hands claw out at you.
A nameless horror comes into view.
The swamp worm closely misses you. You block the swamp worm's attack.
You hit the swamp worm.
The swamp worm is poisoned.
You punch the swamp worm.
The swamp worm is moderately wounded.
You block the swamp worm's attack. The swamp worm bites you!
* * * LOW HITPOINT WARNING * * *
Blink to where?
Press: ? - help, Dir - move target, p - swamp worm
As you read the scroll of blinking, it crumbles to dust.
The swamp worm fires a harpoon shot at you.
The harpoon shot misses you.
Casting: Summon Blazeheart Golem (dangerous; 5% risk of failure)
Confirm with . or Enter, or press ? or * to list all spells.
Your canine familiar is too injured to answer your call.
Magic courses through your body.
The swamp worm fires a harpoon shot at you.
The harpoon shot is repelled.
It was a potion of haste.
You feel yourself speed up. The tyrant leech bites you!!
You die...
Hepliaklqana delivers you to your ancestors.

.uu#...#...+..+..#...#.......bt#.
####...###########...###########.
.....§§§...........≈.............
....≈ߧ§..........≈ß≈§.......∩...
....§§§............≈.§...........
####...###########...###########.
..3#...######...##...##.......##.
.#3#...#.#..#..#w#...#.#.....#.#.
#..######..##w##@#####..#...#..#.
.#.#...#$###©X#w##...#(..#.#...#.
#..#©.©#©.##.#.###©.©#©...#©...#©
.#.#...#).#w#....#...#...#.#...#.
#..#####[##X#.#.######..#...#..#.
.#.#...#....##.#.#...#.#.....#.#.
...#.ß.#..#.####.#.ß.##.......##.
####...###########...###########.
.................................


You could see a tyrant leech, a nameless horror and 2 swamp worms.

Vanquished Creatures
  Harold (D:9)
  3 two-headed ogres
  A fire crab (Gauntlet)
  An ugly thing (D:7)
  An unseen horror (D:11)
  A cane toad (Lair:1)
  A troll (D:11)
  A hornet (D:9)
  4 yaks (Lair:1)
  A wraith (D:10)
  A steam dragon (D:6)
  A fire bat (Gauntlet)
  Duvessa (D:5)
  2 acid dragons
  A water moccasin (D:5)
  2 orc warriors (D:11)
  A sky beast (D:8)
  2 ice beasts
  An ogre (D:11)
  A centaur (D:9)
  The ghost of ranchalot the Insei, an amateur OpSh (D:3)
  A kobold brigand (D:9)
  A phantom (D:6)
  3 bullfrogs
  A scorpion (D:5)
  A wight (D:8)
  3 killer bees
  A hound (D:4)
  A sleepcap (D:6)
  2 iguanas
  2 orc wizards
  2 gnolls (D:9)
  3 adders
  A dart slug (D:4)
  10 orcs
  3 endoplasms
  A giant cockroach (D:2)
  3 goblins
  7 hobgoblins
  2 jackals (D:2)
  3 quokkas
  3 ball pythons (D:2)
  6 bats
  A frilled lizard (D:2)
  6 kobolds
  3 rats
99 creatures vanquished.

Vanquished Creatures (collateral kills)
  A boulder beetle (D:11)
  An ugly thing (D:11)
  2 trolls (D:10)
  Grinder (D:6)
  2 hornets
  Sigmund (D:6)
  A shadow (D:11)
  A vampire (D:10)
  3 yaks (Lair:1)
  Eustachio (D:5)
  2 fire bats (Gauntlet)
  Edmund (D:6)
  Menkaure (D:5)
  An acid dragon (D:11)
  A water moccasin (D:9)
  3 ice beasts
  3 black bears
  7 orc warriors
  3 ogres (D:11)
  A centaur (D:10)
  A kobold brigand (D:11)
  A bullfrog (D:9)
  2 gnoll sergeants
  3 scorpions
  3 wights (D:8)
  Dowan (D:5)
  6 killer bees
  A bombardier beetle (D:3)
  12 orc priests
  A sleepcap (D:7)
  2 hounds
  A jelly (D:6)
  An iguana (D:6)
  5 orc wizards
  Robin (D:2)
  3 adders
  7 gnolls
  A shadow imp (D:8)
  2 dart slugs
  38 orcs
  An endoplasm (D:4)
  6 goblins
  4 hobgoblins
  4 jackals (D:2)
  2 quokkas (D:2)
  A bat (D:2)
  2 frilled lizards (D:2)
  12 kobolds
161 creatures vanquished.

Vanquished Creatures (others)
  8 battlemagi
  3 ancestors
  23 blazeheart cores
34 creatures vanquished.

Grand Total: 294 creatures vanquished

Notes
Turn   | Place    | Note
-------+----------+-------------------------------------------
     0 | D:1      | CougarLife the Gnoll Summoner began the quest for the Orb.
     0 | D:1      | Reached XP level 1. HP: 13/13 MP: 6/6
   168 | D:1      | Reached XP level 2. HP: 10/19 MP: 4/7
   766 | D:2      | Reached skill level 5 in Spellcasting
   766 | D:2      | Reached XP level 3. HP: 13/25 MP: 7/9
   841 | D:1      | Learned a level 2 spell: Call Imp
   845 | D:1      | Learned a level 3 spell: Call Canine Familiar
   865 | D:2      | Reached skill level 1 in Invocations
  1112 | D:2      | Reached skill level 1 in Fighting
  1112 | D:2      | Reached skill level 1 in Short Blades
  1112 | D:2      | Reached skill level 1 in Long Blades
  1112 | D:2      | Reached skill level 1 in Axes
  1112 | D:2      | Reached skill level 1 in Maces & Flails
  1112 | D:2      | Reached skill level 1 in Polearms
  1112 | D:2      | Reached skill level 1 in Staves
  1112 | D:2      | Reached skill level 1 in Ranged Weapons
  1112 | D:2      | Reached skill level 1 in Throwing
  1112 | D:2      | Reached skill level 1 in Armour
  1112 | D:2      | Reached skill level 1 in Shields
  1112 | D:2      | Reached skill level 1 in Unarmed Combat
  1112 | D:2      | Reached skill level 1 in Evocations
  1215 | D:2      | Reached skill level 1 in Shapeshifting
  1215 | D:2      | Reached XP level 4. HP: 32/32 MP: 11/11
  1341 | D:2      | Noticed Robin
  1362 | D:2      | Killed Robin
  1363 | D:2      | Reached skill level 1 in Conjurations
  1363 | D:2      | Reached skill level 1 in Hexes
  1363 | D:2      | Reached skill level 1 in Necromancy
  1363 | D:2      | Reached skill level 1 in Translocations
  1363 | D:2      | Reached skill level 1 in Fire Magic
  1363 | D:2      | Reached skill level 1 in Ice Magic
  1363 | D:2      | Reached skill level 1 in Air Magic
  1363 | D:2      | Reached skill level 1 in Earth Magic
  1363 | D:2      | Reached skill level 1 in Alchemy
  1759 | D:3      | Found a basalt altar of Yredelemnul.
  1783 | D:3      | Found Nosunets's Antique Weapon Shop.
  2185 | D:3      | Reached XP level 5. HP: 37/37 MP: 5/12
  2190 | D:3      | Learned a level 4 spell: Summon Blazeheart Golem
  2195 | D:3      | Learned a level 4 spell: Summon Lightning Spire
  2608 | D:3      | Found a runed translucent gate.
  2608 | D:3      | Found a runed translucent gate.
  2609 | D:3      | Found a runed translucent gate.
  2611 | D:3      | Noticed ranchalot's ghost (amateur OpSh)
  2676 | D:3      | Killed ranchalot's ghost
  2677 | D:3      | Reached XP level 6. HP: 32/44 MP: 8/13
  2818 | D:4      | Reached skill level 5 in Dodging
  3150 | D:4      | Found a sparkling altar of Nemelex Xobeh.
  3246 | D:4      | Found a staircase to the Ecumenical Temple.
  3471 | Temple   | Entered the Ecumenical Temple
  3489 | Temple   | Became a worshipper of Hepliaklqana the Forgotten
  3589 | D:4      | Found an ancient bone altar of Kikubaaqudgha.
  4067 | D:5      | Entered Level 5 of the Dungeon
  4067 | D:5      | Noticed an ice beast
  4088 | D:5      | Noticed Eustachio
  4154 | D:5      | Noticed a water moccasin
  4166 | D:5      | Noticed an ice beast
  4173 | D:5      | Killed an ice beast
  4174 | D:5      | Reached XP level 7. HP: 51/51 MP: 10/15
  4177 | D:5      | Reached skill level 5 in Stealth
  4202 | D:5      | Noticed Menkaure
  4210 | D:5      | Killed Menkaure
  4486 | D:5      | Reached XP level 8. HP: 58/58 MP: 16/16
  4601 | D:5      | Killed Eustachio
  4622 | D:5      | Noticed Duvessa
  4622 | D:5      | Noticed Dowan
  4631 | D:5      | Killed Duvessa
  4635 | D:5      | Killed Dowan
  4652 | D:5      | Reached * piety under Hepliaklqana
  4979 | D:5      | Found a bloodstained altar of Trog.
  5020 | D:6      | Noticed Sigmund
  5032 | D:6      | Killed Sigmund
  5033 | D:6      | Reached XP level 9. HP: 58/58 MP: 11/18
  5067 | D:6      | Reached skill level 8 in Summonings
  5294 | D:6      | Found a glowing silver altar of Zin.
  5374 | D:6      | Noticed Edmund
  5384 | D:6      | Killed Edmund
  5655 | D:6      | Found Arhis's Magic Scroll Shoppe.
  5668 | D:6      | Bought a scroll of identify for 28 gold pieces
  5668 | D:6      | Bought a scroll of teleportation for 42 gold pieces
  5958 | D:6      | Noticed Grinder
  5975 | D:6      | Killed Grinder
  5976 | D:6      | Reached skill level 5 in Invocations
  7041 | D:7      | Noticed a red ugly thing
  7054 | D:7      | Killed a red ugly thing
  7055 | D:7      | Reached skill level 5 in Fighting
  7055 | D:7      | Reached skill level 5 in Short Blades
  7055 | D:7      | Reached skill level 5 in Long Blades
  7055 | D:7      | Reached skill level 5 in Axes
  7055 | D:7      | Reached skill level 5 in Maces & Flails
  7055 | D:7      | Reached skill level 5 in Polearms
  7055 | D:7      | Reached skill level 5 in Staves
  7055 | D:7      | Reached skill level 5 in Ranged Weapons
  7055 | D:7      | Reached skill level 5 in Throwing
  7055 | D:7      | Reached skill level 5 in Armour
  7055 | D:7      | Reached skill level 5 in Shields
  7055 | D:7      | Reached skill level 5 in Unarmed Combat
  7055 | D:7      | Reached skill level 5 in Evocations
  7055 | D:7      | Reached XP level 10. HP: 56/66 MP: 14/20
  7104 | D:7      | Reached ** piety under Hepliaklqana
  7106 | D:7      | Remembered your ancestor AMOGUS as a battlemage
  7973 | D:8      | Found a runed translucent gate.
  7973 | D:8      | Found a runed translucent gate.
  7973 | D:8      | Found a runed translucent gate.
  7973 | D:8      | Noticed a white ugly thing
  7974 | D:8      | Noticed a green ugly thing
  7974 | D:8      | Noticed a glowing orange brain
  7976 | D:8      | Noticed a cyan ugly thing
  8059 | D:8      | Reached skill level 5 in Shapeshifting
  8688 | D:9      | Found an iron altar of Okawaru.
  8732 | D:9      | Noticed a two-headed ogre
  8744 | D:9      | Killed a two-headed ogre
  8784 | D:9      | Found a staircase to the Orcish Mines.
  8794 | D:9      | Noticed Harold
  8801 | D:9      | Killed Harold
  8802 | D:9      | Reached skill level 5 in Conjurations
  8802 | D:9      | Reached skill level 5 in Hexes
  8802 | D:9      | Reached skill level 5 in Necromancy
  8802 | D:9      | Reached skill level 5 in Translocations
  8802 | D:9      | Reached skill level 5 in Fire Magic
  8802 | D:9      | Reached skill level 5 in Ice Magic
  8802 | D:9      | Reached skill level 5 in Air Magic
  8802 | D:9      | Reached skill level 5 in Earth Magic
  8802 | D:9      | Reached skill level 5 in Alchemy
  8802 | D:9      | Reached XP level 11. HP: 57/72 MP: 15/22
  8849 | D:9      | Found a staircase to the Lair.
  9067 | D:9      | Reached *** piety under Hepliaklqana
  9357 | D:10     | Entered Level 10 of the Dungeon
  9393 | D:10     | Found a shimmering altar of Xom.
  9868 | D:10     | Found Agapaul's Antique Armour Shop.
  9873 | D:10     | Bought a pair of runed boots for 150 gold pieces
  9909 | D:10     | Reached skill level 9 in Summonings
 10075 | D:11     | Noticed a cyan ugly thing
 10089 | D:11     | Killed a cyan ugly thing
 10193 | D:11     | Noticed a boulder beetle
 10466 | D:11     | Killed a boulder beetle
 10553 | D:11     | Noticed a two-headed ogre
 10567 | D:11     | Killed a two-headed ogre
 10845 | D:11     | Noticed a two-headed ogre
 10853 | D:11     | Killed a two-headed ogre
 10916 | D:11     | Identified the +8 long sword of Yxtakar {antimagic, Dex+5}
 11426 | Lair:1   | Entered Level 1 of the Lair of Beasts
 11461 | Lair:1   | Reached XP level 12. HP: 81/81 MP: 5/24
 11584 | Lair:1   | Found a dark tunnel.
 11624 | Lair:1   | Found a gate leading to a gauntlet.
 11629 | Gauntlet | Entered a Gauntlet
 11629 | Gauntlet | Found a transporter.
 11629 | Gauntlet | Found a transporter.
 11711 | Gauntlet | Found a transporter.
 11715 | Gauntlet | Found a transporter.
 11717 | Gauntlet | Found a large runed translucent door.
 11718 | Gauntlet | Found a large runed translucent door.
 11719 | Gauntlet | Found a large runed translucent door.
 11719 | Gauntlet | Found a large runed translucent door.
 11719 | Gauntlet | Found a runed translucent door.
 11719 | Gauntlet | Found a runed translucent door.
 11720 | Gauntlet | Found a large runed translucent door.
 11720 | Gauntlet | Found a large runed translucent door.
 11720 | Gauntlet | Found a large runed translucent door.
 11720 | Gauntlet | Found a large runed translucent door.
 11721 | Gauntlet | Found a large runed translucent door.
 11722 | Gauntlet | Found a large runed translucent door.
 11757 | Gauntlet | Found a transporter.
 11758 | Gauntlet | Found a transporter.
 11760 | Gauntlet | Found a large runed translucent door.
 11764 | Gauntlet | Found a large runed translucent door.
 11764 | Gauntlet | Found a large runed translucent door.
 11765 | Gauntlet | Found a runed translucent gate.
 11767 | Gauntlet | Found a transporter.
 11771 | Gauntlet | Found a transporter.
 11782 | Gauntlet | Found a transporter.
 11782 | Gauntlet | Found a transporter.
 11784 | Gauntlet | Found a transporter.
 11784 | Gauntlet | Noticed a great orb of eyes
 11788 | Gauntlet | Found a transporter.
 11912 | Gauntlet | Reached **** piety under Hepliaklqana
 12401 | Gauntlet | Slain by a tyrant leech

Illustrated notes

Levels and vault maps discovered:
D:1:      erik_arrival_triangle_medium, layout_basic
D:2:      layout_loops_ring, grunt_decor_resistance, uniq_robin
D:3:      layout_loops_corners, mainiacjoe_overflow_concentric_impassable,
          serial_shops, shop, ebering_ghost_rock_garden, corner_web_ring
D:4:      layout_basic, lemuel_round_altar, mainiacjoe_overflow_catwalk,
          minmay_temple_entry_hall
D:5:      layout_rooms, kennysheep_mini_moat, uniq_menkaure, uniq_duvessa,
          uniq_eustachio
D:6:      layout_loops_cross, zin_academy, serial_bayou, serial_bayou_pond_a,
          serial_bayou_lake_a, serial_bayou_lagoon_a, serial_bayou_pond_b,
          serial_shops, nicolae_shop_window_shopping, uniq_sigmund, uniq_edmund,
          uniq_grinder
D:7:      layout_basic
D:8:      layout_basic, ploomutoo_gammafunk_ghost_potion_laboratory
D:9:      layout_irregular_city, old_standard_altar, dpeg_oklobed_lair,
          orc_0_dummy, uniq_harold
D:10:     layout_rooms, xom_teletrap_fun, serial_shops, shop_statue
D:11:     layout_roguey [special_room_orc], st_stairs_1
Temple:   bh_familiar_temple
Lair:1:   layout_misc_corridors, gauntlet_entry_generic, enter_volcano_2,
          lemuel_centaur_altar
Gauntlet: gammafunk_gauntlet_hard_choice [nicolae_gauntlet_arena_x,
          nicolae_gauntlet_arena_quarters, gammafunk_gauntlet_arena_mazey,
          minmay_gauntlet_arena_make_your_own_arena,
          gammafunk_gauntlet_arena_grid, gammafunk_gauntlet_arena_split_x,
          nicolae_gauntlet_exit_dead_adventurers]

Skill      XL: |  1  2  3  4  5  6  7  8  9 10 11 12 |
---------------+-------------------------------------+-----
Spellcasting   | 5 6 7 8 |  8.9
Invocations    | 1 2 3 4 5 6 7 8 |  8.0
Fighting       | 1 2 3 5 6 7 |  7.2
Short Blades   | 1 2 3 5 6 7 |  7.2
Long Blades    | 1 2 3 5 6 7 |  7.2
Axes           | 1 2 3 5 6 7 |  7.2
Maces & Flails | 1 2 3 5 6 7 |  7.2
Polearms       | 1 2 3 5 6 7 |  7.2
Staves         | 1 2 3 5 6 7 |  7.2
Ranged Weapons | 1 2 3 5 6 7 |  7.2
Throwing       | 1 2 3 5 6 7 |  7.2
Armour         | 1 2 3 5 6 7 |  7.2
Shields        | 1 2 3 5 6 7 |  7.2
Unarmed Combat | 1 2 3 5 6 7 |  7.2
Evocations     | 1 2 3 5 6 7 |  7.2
Shapeshifting  | 1 2 3 4 5 6 |  6.6
Conjurations   | 1 2 3 4 5 6 |  6.0
Hexes          | 1 2 3 4 5 6 |  6.0
Necromancy     | 1 2 3 4 5 6 |  6.0
Translocations | 1 2 3 4 5 6 |  6.0
Fire Magic     | 1 2 3 4 5 6 |  6.0
Ice Magic      | 1 2 3 4 5 6 |  6.0
Air Magic      | 1 2 3 4 5 6 |  6.0
Earth Magic    | 1 2 3 4 5 6 |  6.0
Alchemy        | 1 2 3 4 5 6 |  6.0
Dodging        | 5 6 7 8 |  8.7
Stealth        | 5 6 7 8 |  8.4
Summonings     | 8 9 |  9.4

Action                     |  1- 3 |  4- 6 |  7- 9 | 10-12 || total
---------------------------+-------+-------+-------+-------++-------
  Melee: Unarmed           |    13 |       |       |       ||    13
         Short sword       |    17 |       |       |       ||    17
         Bite              |     3 |     5 |    14 |     7 ||    29
         Spear             |    57 |    98 |    20 |   156 ||   331
         Punch             |     2 |     4 |     4 |     6 ||    16
         Trident           |       |    54 |   118 |       ||   172
   Cast: Summon Small Mamm |    14 |     1 |     2 |     1 ||    18
         Call Canine Famil |     3 |    16 |    23 |    33 ||    75
         Call Imp          |       |     4 |     1 |     2 ||     7
         Summon Blazeheart |       |     1 |    10 |    39 ||    50
         Summon Lightning  |       |       |     1 |     3 ||     4
 Invoke: Ancestor Identity |       |       |     1 |       ||     1
         Ancestor Life: Ba |       |       |       |     1 ||     1
  Evoke: Wand              |       |       |     3 |       ||     3
    Use: Scroll            |       |       |     6 |     5 ||    11
         Potion            |       |       |     1 |     6 ||     7
   Stab: Sleeping          |     2 |     5 |     2 |     4 ||    13
         Distracted        |       |     1 |     2 |     4 ||     7
         Paralysed         |       |       |    14 |       ||    14
 Armour: Robe              |    43 |    51 |    31 |       ||   125
         Steam dragon scal |       |       |    22 |    22 ||    44
         Acid dragon scale |       |       |       |    45 ||    45
         Skin              |       |       |       |    17 ||    17
  Dodge: Dodged            |    52 |    71 |    77 |   110 ||   310
         Repelled          |       |       |     1 |     3 ||     4
  Block: Other             |       |       |       |    16 ||    16

Table legend: (Time is in decaauts)
 A = Elapsed time spent in this place.
 B = Non-inter-level travel time spent in this place.
 C = Inter-level travel time spent in this place.
 D = Time resting spent in this place.
 E = Time spent auto-exploring this place.
 F = Levels seen in this place.
 G = Mean time per level.
                   A        B        C        D        E       F      G
               +--------+--------+--------+--------+--------+-----+--------+
         Total |  12404 |  12061 |    343 |   3683 |   5427 |  14 |  886.0 |
       Dungeon |  11402 |  11092 |    310 |   3085 |   5427 |  11 | 1036.5 |
        Temple |     35 |      2 |     33 |      0 |      0 |   1 |   35.0 |
          Lair |    200 |    200 |      0 |    115 |      0 |   1 |  200.0 |
      Gauntlet |    765 |    765 |      0 |    483 |      0 |   1 |  765.0 |
               +--------+--------+--------+--------+--------+-----+--------+

Top non-repeatable levels by time:
     D:6: 1454 daAuts
     D:4: 1390 daAuts
    D:11: 1189 daAuts
     D:7: 1039 daAuts
     D:9: 1028 daAuts
     D:3: 1022 daAuts
     D:2: 1003 daAuts
     D:5: 878 daAuts
    D:10: 839 daAuts
     D:8: 836 daAuts
Gauntlet: 765 daAuts
     D:1: 720 daAuts
  Lair:1: 200 daAuts
  Temple: 35 daAuts
